 Dungeon Crawl Stone Soup version 0.31-a0-185-g9dded2c639 (webtiles) character file.

Game seed: 13043628950450228036

494 qw the Skirmisher (level 6, 0/35 HPs)
             Began as a Deep Elf Hunter on June 22, 2023.
             Slain by a scorpion (2 damage)
             ... on level 6 of the Dungeon.
             The game lasted 00:01:28 (4018 turns).

qw the Skirmisher (Deep Elf Hunter)                 Turns: 4018, Time: 00:01:29

Health: 0/35       AC:  7    Str: 10    XL:     6   Next: 92%
Magic:  8/8        EV: 11    Int: 14    God:
Gold:   294        SH:  0    Dex: 18    Spells: 5/5 levels left

rFire   . . .        Y - +1 shortbow
rCold   . . .        (shield currently unavailable)
rNeg    . . .        g - +0 ring mail
rPois   .            d - +0 helmet
rElec   .            (no cloak)
rCorr   .            k - +0 pair of gloves
SInv    .            (no boots)
Will    +....        (no amulet)
Stlth   +            h - ring of willpower
HPRegen 0.25/turn    (no ring)
MPRegen 0.11/turn

%: no passive effects
@: no status effects
A: no striking features
a: no special abilities


You were on level 6 of the Dungeon.
You visited 1 branch of the dungeon, and saw 6 of its levels.

You collected 294 gold pieces.


   Skills:
 - Level 2.0 Fighting
 + Level 10.2 Ranged Weapons
 - Level 1.1 Armour
 - Level 3.1 Dodging
 - Level 1.2 Stealth


You had 5 spell levels left.
You didn't know any spells.
Your spell library was empty.

Inventory:

Hand Weapons
 Y - a +1 shortbow (weapon)
Armour
 d - a +0 helmet (worn)
 g - a +0 ring mail (worn)
 k - a +0 pair of gloves (worn)
 m - a +1 pair of gloves
Jewellery
 h - a ring of willpower (left hand)
 i - a ring of fire
Wands
 j - a wand of digging (5)
Scrolls
 a - a scroll of identify
Potions
 b - a potion of enlightenment
 c - a potion of might
 e - a potion of mutation
 f - 2 potions of cancellation
 l - a potion of invisibility {unknown}

Dungeon Overview and Level Annotations

Branches:
Dungeon (6/15)
 Temple: D:4-7

Altars:
Cheibriados
Elyvilon

Annotations:
D:2 1 runed translucent door, Crazy Yiuf
D:5 3 runed translucent doors, qw's ghost, novice GrFi


Message History

You shoot an arrow. The arrow hits the adder.
You kill the adder!
A jelly comes into view.
Found 7 stones.
You shoot an arrow. The arrow hits the jelly!
The jelly quivers.
The jelly is heavily wounded.
You shoot an arrow. The arrow hits the jelly!
You kill the jelly!
Your Dodging skill increases to level 3!
Found a wand of flame (19).
You now have 294 gold pieces (gained 12).
l - a blue potion
m - a +1 pair of gloves A scorpion and a centaur come into view.
The centaur shouts!
The centaur wields a +0 orcbow.
The centaur shoots an arrow.
The arrow barely misses you.
You shoot an arrow. The arrow hits the centaur.
The centaur is lightly wounded.
The centaur shoots an arrow.
The arrow barely misses you.
The centaur shoots an arrow.
The arrow hits you!
You shoot an arrow. The arrow hits the centaur.
The centaur is moderately wounded.
You shoot an arrow. The arrow hits the centaur.
The centaur is heavily wounded.
The centaur shoots an arrow.
The arrow hits you!
The centaur shoots an arrow.
The arrow hits you.
You shoot an arrow. The arrow barely misses the scorpion.
The centaur shoots an arrow.
The arrow hits you.
The centaur shoots an arrow.
The arrow hits you but does no damage.
You shoot an arrow. The arrow hits the scorpion.
The scorpion is lightly wounded.
The scorpion closely misses you.
You shoot an arrow. The arrow hits the scorpion.
The scorpion is moderately wounded.
The centaur shoots an arrow.
The arrow hits you. The scorpion barely misses you.
A sky beast comes into view.
The centaur shoots an arrow.
The arrow hits you. The scorpion stings you.
You die...

#........
#........
#........
#........
#......
#######....#
Y...c...s..#
#@...# #.###.#
#.# ###.#
#...####
#.#....#
#######.#....#
#..../.......##
#..............
..


You could see a sky beast (wandering), a centaur and a scorpion.

Vanquished Creatures
  A black bear (D:5)
  A scorpion (D:4)
  A hound (D:5)
  A jelly (D:6)
  3 iguanas
  4 gnolls (D:5)
  6 adders
  3 dart slugs
  7 orcs
  6 ball pythons
  9 bats
  7 endoplasms
  2 giant cockroaches
  6 goblins
  10 hobgoblins
  17 jackals
  12 kobolds
  A quokka (D:2)
  3 frilled lizards
  2 rats (D:1)
102 creatures vanquished.

Notes
Turn   | Place    | Note
-------+----------+-------------------------------------------
     0 | D:1      | qw the Deep Elf Hunter began the quest for the Orb.
     0 | D:1      | Reached XP level 1. HP: 12/12 MP: 3/3
     0 | D:1      | 0 ||| qw: Version: 0.3-a-9-g12657ce
     0 | D:1      | 0 ||| qw: Game counter: 1875
     0 | D:1      | 0 ||| qw: Always use a shield: true
     0 | D:1      | 0 ||| qw: God list: Okawaru
     0 | D:1      | 0 ||| qw: Allow faded altars: false
     0 | D:1      | 0 ||| qw: Do Orc after D:15 true
     0 | D:1      | 0 ||| qw: Do second Lair branch before Depths: true
     0 | D:1      | 0 ||| qw: Lair rune preference: random
     0 | D:1      | 0 ||| qw: Plans: Normal
     0 | D:1      | 0 ||| PLANNING D:1-11
   136 | D:1      | Reached skill level 6 in Ranged Weapons
   136 | D:1      | Reached XP level 2. HP: 16/16 MP: 4/4
   574 | D:1      | Reached XP level 3. HP: 20/20 MP: 5/5
   643 | D:1      | 643 ||| UPGRADING to +0 helmet.
   648 | D:1      | 648 ||| UPGRADING to +0 ring mail.
   658 | D:1      | 658 ||| DROPPING +0 leather armour.
   659 | D:1      | 659 ||| DROPPING +6 ring of intelligence.
   660 | D:1      | 660 ||| DROPPING scroll of butterflies.
  1078 | D:2      | Reached skill level 7 in Ranged Weapons
  1136 | D:2      | Found a runed translucent door.
  1137 | D:2      | Noticed Crazy Yiuf
  1387 | D:2      | 1387 ||| READING scroll labelled JELONK FIHOITZ.
  1388 | D:2      | 1388 ||| READING scroll labelled ATIKIU BUOXKILEED.
  1425 | D:2      | 1425 ||| READING scroll labelled LUCECZ CASTRIDD.
  1426 | D:2      | 1426 ||| DRINKING 5 coppery potions.
  1725 | D:3      | Reached XP level 4. HP: 25/25 MP: 6/6
  1939 | D:3      | Reached skill level 8 in Ranged Weapons
  2114 | D:3      | 2114 ||| READING 2 scrolls labelled RARGHA RIRADIXKUS.
  2115 | D:3      | 2115 ||| READING scroll labelled SIMERU NYNAVI.
  2216 | D:3      | 2216 ||| DRINKING 2 glowing ruby potions.
  2217 | D:3      | 2217 ||| READING 2 scrolls of identify.
  2217 | D:3      | 2217 ||| IDENTIFYING metallic dark potion
  2218 | D:3      | 2218 ||| DROPPING scroll of blinking.
  2256 | D:4      | 2256 ||| PLANNING SEWER
  2336 | D:4      | Noticed a scorpion
  2342 | D:4      | Killed a scorpion
  2343 | D:4      | Reached XP level 5. HP: 19/29 MP: 7/7
  2411 | D:4      | Reached skill level 9 in Ranged Weapons
  2706 | D:4      | Found a white marble altar of Elyvilon.
  2956 | D:4      | 2956 ||| RIP SEWER
  2983 | D:4      | 2983 ||| PLANNING D:1-11
  3050 | D:4      | 3050 ||| UPGRADING to +0 pair of gloves.
  3055 | D:4      | 3055 ||| DROPPING amulet of magic regeneration.
  3056 | D:4      | 3056 ||| READING scroll labelled OZI HOULELOMP.
  3057 | D:4      | 3057 ||| READING scroll labelled FYAGAETTU.
  3058 | D:4      | 3058 ||| DRINKING 2 metallic puce potions.
  3088 | D:4      | 3088 ||| READING 2 scrolls of identify.
  3088 | D:4      | 3088 ||| IDENTIFYING fuming sapphire potion
  3089 | D:4      | 3089 ||| DROPPING potion of lignification.
  3115 | D:5      | Entered Level 5 of the Dungeon
  3151 | D:5      | Reached XP level 6. HP: 20/35 MP: 8/8
  3151 | D:5      | HP: 8/35 [gnoll/+0 spear (6)]
  3152 | D:5      | 3152 ||| DRINKING 4 potions of heal wounds.
  3160 | D:5      | Reached skill level 1 in Armour
  3578 | D:5      | Found a snail-covered altar of Cheibriados.
  3614 | D:5      | HP: 7/35 [black bear (3)]
  3614 | D:5      | HP: 1/35 [black bear (6)]
  3615 | D:5      | 3615 ||| DRINKING 3 potions of heal wounds.
  3620 | D:5      | HP: 7/35 [black bear (2)]
  3621 | D:5      | 3621 ||| DRINKING 2 potions of heal wounds.
  3624 | D:5      | 3624 ||| DRINKING potion of heal wounds.
  3626 | D:5      | Reached skill level 10 in Ranged Weapons
  3716 | D:5      | Noticed qw's ghost (novice GrFi)
  3716 | D:5      | Identified the +7 mace "Joeqim" {spect, +Blink rCorr Dex-3
                  | Stlth+}
  3718 | D:5      | Found a runed translucent gate.
  3719 | D:5      | Found a runed translucent gate.
  3719 | D:5      | Identified the +1 ring mail of Irksome Life {Dex+3 Slay+6
                  | Stlth+}
  3720 | D:5      | Found a runed translucent gate.
  3901 | D:5      | 3901 ||| UPGRADING to ring of willpower.
  3902 | D:5      | 3902 ||| DRINKING 3 white potions.
  3992 | D:6      | Reached skill level 3 in Dodging
  4015 | D:6      | HP: 8/35 [centaur/arrow (3)]
  4018 | D:6      | HP: 3/35 [centaur/arrow (2)]
  4018 | D:6      | Noticed a sky beast
  4018 | D:6      | Slain by a scorpion

Levels and vault maps discovered:
D:1:      noname_arrival_rooms_in_the_neighbourhood, layout_loops_ring,
          serial_glass, glass_columns_a, glass_columns_b, glass_columns_a,
          glass_columns_b
D:2:      layout_loops_ring, kennysheep_generic_room_5, uniq_crazy_yiuf_cottage
D:3:      layout_loops_cross
D:4:      layout_loops_cross, lemuel_doored_altar, portal_sewer_entry_d,
          grunt_ministairs_13
D:5:      layout_rooms, mainiacjoe_overflow_concentric_impassable,
          biasface_ghost_orc_armoury
D:6:      layout_basic, minmay_temple_entry_tees, minivault_24

Skill      XL: |  1  2  3  4  5  6 |
---------------+-------------------+-----
Ranged Weapons | 6 7 8 9 10 | 10.2
Fighting       | 2 |  2.0
Armour         | 1 |  1.1
Dodging        | 3 |  3.1
Stealth        | |  1.2

Action                     |  1- 3 |  4- 6 || total
---------------------------+-------+-------++-------
   Fire: Shortbow          |   155 |   178 ||   333
    Use: Scroll            |     3 |     6 ||     9
         Potion            |     1 |     7 ||     8
 Armour: Leather armour    |     2 |       ||     2
         Ring mail         |    31 |    34 ||    65
  Dodge: Dodged            |    52 |    73 ||   125

Table legend:
 A = Non-vault XP
 B = Vault XP
 C = Vault XP percentage of total XP
 D = Non-vault monster count
 E = Vault monster count
 F = Vault count percentage of total count
                 A         B        C        D         E       F
            +---------+---------+-------+---------+---------+-------
      Total |     687 |      20 |   2.8 |      98 |       4 |   3.9
            +---------+---------+-------+---------+---------+-------
        D:1 |      44 |       0 |   0.0 |      24 |       0 |   0.0
        D:2 |      29 |       2 |   6.5 |      18 |       1 |   5.3
        D:3 |      95 |       0 |   0.0 |      22 |       0 |   0.0
        D:4 |     173 |      18 |   9.4 |      15 |       3 |  16.7
        D:5 |     290 |       0 |   0.0 |      17 |       0 |   0.0
        D:6 |      56 |       0 |   0.0 |       2 |       0 |   0.0
            +---------+---------+-------+---------+---------+-------
